 Dungeon Crawl Stone Soup version 0.31-a0-845-g9abc20d24f (webtiles) character file.

Game seed: 14711048224244172154

55 Flugkiller the Cutter (level 3, -2/19 HPs)
             Began as a Vine Stalker Gladiator on Oct 1, 2023.
             Slain by Grinder (5 damage)
             ... on level 3 of the Dungeon.
             The game lasted 00:01:35 (1281 turns).

Flugkiller the Cutter (Vine Stalker Gladiator)      Turns: 1281, Time: 00:01:36

Health: -2/19      AC:  7    Str: 16    XL:     3   Next: 93%
Magic:  0/4        EV: 12    Int:  8    God:
Gold:   79         SH:  0    Dex: 17    Spells: 2/2 levels left

rFire   . . .        a - +0 rapier
rCold   . . .        (no shield)
rNeg    . . .        b - +0 leather armour
rPois   .            c - +0 helmet
rElec   .            (no cloak)
rCorr   .            (no gloves)
SInv    .            i - +2 pair of boots
Will    .....        (no amulet)
Stlth   +            (no ring)
HPRegen 1.03/turn    (no ring)
MPRegen 0.09/turn

%: guardian spirit
@: brilliant
A: fangs 2, regeneration 1, magic shield, antimagic bite, no potion heal 2
a: no special abilities


You were on level 3 of the Dungeon.
You visited 1 branch of the dungeon, and saw 3 of its levels.

You collected 79 gold pieces.

Inventory:

Hand Weapons
 a - a +0 rapier (weapon)
 n - a +1 dagger of venom
   (You took it off a goblin on level 1 of the Dungeon)
Missiles
 d - 3 throwing nets (quivered)
 e - a javelin
Armour
 b - a +0 leather armour (worn)
 c - a +0 helmet (worn)
 i - a +2 pair of boots (worn)
   (You found it on level 1 of the Dungeon)
Jewellery
 m - an amulet of magic regeneration
   (You found it on level 1 of the Dungeon)
Scrolls
 h - a scroll of poison {unknown}
 j - 2 scrolls of identify {unknown}
 o - a scroll of silence {unknown}
Potions
 f - a potion of cancellation {unknown}
 g - a potion of brilliance
 l - a potion of lignification {unknown}
 p - a potion of mutation {unknown}
 q - 2 potions of curing


   Skills:
 + Level 2.5 Fighting
 + Level 3.2 Short Blades
 - Level 1.8 Throwing
 + Level 2.9 Dodging


You had 2 spell levels left.
You didn't know any spells.
Your spell library contained the following spells:

 Spells                   Type           Power      Damage    Failure   Level
 Ensorcelled Hibernation  Hex/Ice        0%         N/A       63%         2
 Jinxbite                 Hex            0%         N/A       63%         2
 Anguish                  Hex/Necr       0%         N/A       99%         4


Dungeon Overview and Level Annotations

Branches:
Dungeon (2/15) Zot: 16713

Altars:

Annotations:
D:3 Grinder


Innate Abilities, Weirdness & Mutations

You have extremely sharp teeth.
Your natural rate of healing is unusually fast.
When hurt, damage is shared between your health and your magic reserves.
Your bite disrupts and absorbs the magic of your enemies.
Potions cannot restore your health.


Message History

Okay, then.
You now have 54 gold pieces (gained 10).
p - a dark potion
Found a scale mail.
You see here a +0 scale mail.
A rat comes into view.
A rat is nearby!
A rat is nearby!
Found 15 gold pieces.
The rat barely misses you.
You barely miss the rat. You bite the rat.
You kill the rat!
No target in view!
No target in view!
No target in view!
No target in view!
You now have 69 gold pieces (gained 15).
You open the door.
There is an open door here.
A rat comes into view.
Found 10 gold pieces.
The rat misses you.
A rat is nearby!
A rat is nearby!
You completely miss the rat. The rat closely misses you.
You completely miss the rat. You bite the rat. You drain its power.
The rat is heavily wounded.
The rat bites you but does no damage.
You puncture the rat!
You kill the rat!
No target in view!
No target in view!
No target in view!
Found a leather armour.
No target in view!
A dart slug comes into view.
A dart slug is nearby!
The dart slug launches a dart at you.
The slug dart hits you but does no damage.
You hit the dart slug.
You bite the dart slug, but do no damage.
The dart slug is heavily wounded.
The dart slug bites you but does no damage.
You hit the dart slug but do no damage. You bite the dart slug.
You kill the dart slug!
No target in view!
No target in view!
No target in view!
You now have 79 gold pieces (gained 10).
Found a dagger.
No target in view!
Found a stone staircase leading down.
A malevolent force fills the Dungeon...
You fall into a shaft and drop 1 floor!
The shaft crumbles and collapses.
You open the door.
There is an open door here.
You see here an amulet of guardian spirit.
You pick up a book of Dreams and begin reading...
You add the spells Jinxbite, Ensorcelled Hibernation and Anguish to your library.
q - a sedimented pink potion
There is an open door here.
Found 3 stones.
Grinder comes into view.
Grinder shouts!
Grinder is nearby!
You aren't carrying any items that you can evoke.
Unknown command.
It was a potion of curing.
That felt strangely inert.
q - 2 potions of curing;
f - a sedimented pink potion Grinder gestures at you.
Pain shoots through your body!
Okay, then.
It was a potion of brilliance.
You feel clever all of a sudden.
Okay, then.
You hit Grinder. You bite Grinder, but do no damage.
Grinder is lightly wounded.
Grinder closely misses you.
You hit Grinder.
Grinder is lightly wounded.
Grinder blinks!
Grinder blinks!
It was a potion of heal wounds.
That seemed strangely inert.
You hit Grinder. You bite Grinder.
Grinder's magic leaks into the air.
You drain her magic.
You feel invigorated.
Grinder is moderately wounded.
Grinder hits you but does no damage.
You hit Grinder.
Grinder is moderately wounded.
Grinder gestures at you. Pain shoots through your body!
Ouch! That really hurt!
You hit Grinder.
Grinder is heavily wounded.
Grinder's magic is no longer disrupted.
Grinder hits you!
* * * LOW HITPOINT WARNING * * *
You writhe in agony.
You die...
Grinder says, "Now the real fun starts!"

#### # ..#
###..##### #.#
.........###@####
#.....##...5....###
##... #####.....(#
##. #..#.#.# #
#######..#.#.#
.............#
########.....#
#.....# #.#.#.#


You could see Grinder.

Vanquished Creatures
  Robin (D:2)
  A dart slug (D:2)
  2 bats (D:1)
  3 endoplasms (D:1)
  A giant cockroach (D:1)
  13 goblins
  5 hobgoblins
  A quokka (D:2)
  2 frilled lizards (D:1)
  4 kobolds
  5 rats
38 creatures vanquished.

Notes
Turn   | Place    | Note
-------+----------+-------------------------------------------
     0 | D:1      | Flugkiller the Vine Stalker Gladiator began the quest for
                  | the Orb.
     0 | D:1      | Reached XP level 1. HP: 11/11 MP: 2/2
   357 | D:1      | Reached XP level 2. HP: 14/15 MP: 3/3
   540 | D:1      | Reached skill level 3 in Short Blades
   841 | D:1      | Found a faded altar of an unknown god.
  1053 | D:2      | Reached XP level 3. HP: 18/18 MP: 4/4
  1066 | D:2      | Noticed Robin
  1111 | D:2      | Killed Robin
  1209 | D:2      | You fall into a shaft and drop 1 floor!
  1268 | D:3      | Noticed Grinder
  1281 | D:3      | Slain by Grinder

Illustrated notes

Levels and vault maps discovered:
D:1:      nzn_arrival_crosshair, layout_basic,
          hellmonk_ecumenical_altar_heavens_door, patterned_corridor
D:2:      layout_basic, serial_bayou_ford_a, uniq_robin
D:3:      minmay_wonky_spiral, layout_loops_corners, led_sif_book,
          uniq_crazy_yiuf_cottage, uniq_grinder, uniq_terence, uniq_natasha

Skill      XL: |  1  2 |
---------------+-------+-----
Fighting       | 2 |  2.5
Short Blades   | 3 |  3.2
Throwing       | |  1.8
Dodging        | |  2.9

Action                     || total
---------------------------++-------
  Melee: Rapier            ||    96
         Bite              ||    22
         Punch             ||     2
    Use: Potion            ||     3
 Armour: Leather armour    ||    56
  Dodge: Dodged            ||    50

Table legend: (Time is in decaauts)
 A = Elapsed time spent in this place.
 B = Non-inter-level travel time spent in this place.
 C = Inter-level travel time spent in this place.
 D = Time resting spent in this place.
 E = Time spent auto-exploring this place.
 F = Levels seen in this place.
 G = Mean time per level.
                   A        B        C        D        E       F      G
               +--------+--------+--------+--------+--------+-----+--------+
         Total |   1285 |   1236 |     49 |      2 |    988 |   3 |  428.3 |
       Dungeon |   1285 |   1236 |     49 |      2 |    988 |   3 |  428.3 |
               +--------+--------+--------+--------+--------+-----+--------+

Top non-repeatable levels by time:
     D:1: 1006 daAuts
     D:2: 207 daAuts
     D:3: 71 daAuts
